 Dungeon Crawl Stone Soup version 0.29.0-5-ge4962eb29e (webtiles) character file.

Game seed: 8119273527691526583

10653 Zeldest the Severer (level 11, 0/85 HPs)
             Began as a Hill Orc Monk on Aug 30, 2022.
             Was a High Priest of Makhleb.
             Slain by a hornet (1 damage)
             ... on level 8 of the Dungeon.
             The game lasted 00:15:33 (6520 turns).

Zeldest the Severer (Hill Orc Monk)                 Turns: 6520, Time: 00:15:33

Health: 0/85       AC:  8    Str: 19    XL:     11   Next: 65%
Magic:  19/19      EV: 10    Int: 10    God:    Makhleb [*****.]
Gold:   593        SH:  4    Dex: 13    Spells: 10/10 levels left

rFire   . . .      SeeInvis +   a - +2 war axe
rCold   . . .      Faith    .   D - +0 buckler
rNeg    . . .      Spirit   .   g - +0 scale mail
rPois   .          Reflect  .   l - +0 helmet
rElec   .          Harm     .   (no cloak)
rCorr   .          Rampage  .   (no gloves)
Will    .....                   r - +0 pair of boots
Stlth   ..........              f - amulet of regeneration
HPRegen 1.04/turn               s - ring of see invisible
MPRegen 0.16/turn               (no ring)

@: lethally poisoned (0 -> -9), slowed, very slow
A: no striking features
a: Renounce Religion, Minor Destruction, Lesser Servant of Makhleb, Major
Destruction, Greater Servant of Makhleb


You were on level 8 of the Dungeon.
You worshipped Makhleb.
Makhleb was extremely pleased with you.
You visited 1 branch of the dungeon, and saw 8 of its levels.
You also visited: Sewer and Bailey.

You collected 593 gold pieces.

Inventory:

Hand Weapons
 a - a +2 war axe (weapon)
 t - a +2 flail of protection
Armour
 g - a +0 scale mail (worn)
 l - a +0 helmet (worn)
 r - a +0 pair of boots (worn)
 D - a +0 buckler (worn)
Jewellery
 f - an amulet of regeneration (around neck)
 s - a ring of see invisible (left hand)
 L - a ring of fire
Wands
 k - a wand of mindburst (12)
 F - a wand of flame (23)
 G - a wand of acid (5)
 H - a wand of digging (5)
 K - a wand of paralysis (7)
Scrolls
 b - 4 scrolls of identify
 c - 3 scrolls of vulnerability {unknown}
 e - a scroll of amnesia {unknown}
 h - 3 scrolls of poison {unknown}
 j - 3 scrolls of immolation
 m - 5 scrolls of teleportation {unknown}
 o - a scroll of fear {unknown}
 u - 8 scrolls of enchant weapon
 v - a scroll of blinking {unknown}
 x - 2 scrolls of butterflies {unknown}
 y - 4 scrolls of brand weapon {unknown}
 B - 2 scrolls of magic mapping {unknown}
 C - 3 scrolls of enchant armour
 I - a scroll of noise {unknown}
 N - 2 scrolls of summoning
Potions
 d - 3 potions of mutation
 i - 4 potions of magic
 n - a potion of attraction {unknown}
 p - 4 potions of curing {unknown}
 q - a potion of lignification {unknown}
 w - 7 potions of invisibility {unknown}
 z - 2 potions of might {unknown}
 A - 2 potions of heal wounds {unknown}
 E - a potion of cancellation {unknown}
 J - a potion of flight {unknown}
 M - 2 potions of brilliance {unknown}


   Skills:
 + Level 4.8 Fighting
 - Level 19.8 Axes
 + Level 2.0 Armour
 - Level 2.4 Dodging
 - Level 1.5 Stealth
 + Level 2.0 Shields
 + Level 11.3 Invocations


You had 10 spell levels left.
You didn't know any spells.
Your spell library contained the following spells:

 Spells                   Type           Power      Damage    Failure   Level
 Gell's Gravitas          Tloc           0%         N/A       99%         3
 Lesser Beckoning         Tloc           0%         N/A       99%         3
 Teleport Other           Tloc           0%         N/A       99%         3


Dungeon Overview and Level Annotations

Branches:
Dungeon (8/15)             Temple (0/1) D:4           Sewer (visited)
 Bailey (visited)
   Lair: D:8-11

Altars:
Cheibriados
Makhleb
Zin

Shops:
D:2 *   D:8 [


Message History

The hornet stings you.
You suddenly lose the ability to move!
Your hellwing completely misses the hornet.
Your hellwing closely misses the hornet.
The hornet stings you!
You are more poisoned.
You feel as though you will be slow longer.
Your hellwing barely misses the hornet.
Your hellwing hits the hornet but does no damage.
You feel very sick. The hornet stings you!
* * * LOW HITPOINT WARNING * * *
You feel as though you will be slow longer.
Your hellwing hits the hornet but does no damage. x2
You can move again.
Unknown command.
Unknown command.
Okay, then.
Aiming: Mindburst
Press: ? - help, Shift-Dir - straight line, f - hornet
Aim: a hornet (lightly wounded, ally target, chance to affect: 55%)
The hornet resists with significant effort.
* * * LOW HITPOINT WARNING * * *
You feel extremely sick. The hornet stings you.
* * * LOW HITPOINT WARNING * * *
You are lethally poisoned!
You feel as though you will be slow longer.
The hornet completely misses you.
Your hellwing barely misses the hornet.
Your hellwing closely misses the hornet.
Aiming: Corrosive Bolt
Press: ? - help, Shift-Dir - straight line, f/p - hornet
Aim: a hornet (lightly wounded, ally target, 57% to hit)
The bolt of acid misses the hornet.
* * * LOW HITPOINT WARNING * * *
You feel extremely sick. The hornet barely misses you.
The hornet closely misses you.
Your hellwing barely misses the hornet.
Your hellwing hits the hornet but does no damage.
The hornet stings you.
You die...

#.≈#>)#~~.##
##.~####≈~.#
#..~≈~~~)~.#
#..........#
#...###...##
##..###.#########
##.............#
#############4#####
#@y...# #####.#


You could see a hornet (ally target) and a friendly hellwing (summoned).

Vanquished Creatures
  Joseph (D:7)
  Sigmund (D:3)
  2 yaks (D:8)
  A vampire (D:8)
  Grum (D:8)
  Edmund (D:5)
  A water moccasin (D:5)
  5 orc warriors (Bailey)
  2 ice beasts
  2 sky beasts
  2 black bears
  2 wolves (D:8)
  2 ogres (D:4)
  2 phantoms
  2 necrophages
  5 bullfrogs
  A gnoll sergeant (D:7)
  A scorpion (D:5)
  4 wights (D:8)
  2 hounds (D:5)
  2 jellies
  3 orc priests (D:3)
  An iguana (D:5)
  2 gnoll boudas
  4 orc wizards
  Natasha (thrice) (D:2)
  Robin (D:2)
  8 gnolls
  16 adders
  2 river rats
  A shadow imp (D:8)
  2 ufetubi
  A worm (D:4)
  A dart slug (D:4)
  29 orcs
  19 ball pythons
  4 bats
  5 endoplasms
  2 giant cockroaches
  11 goblins
  8 hobgoblins
  8 jackals
  7 kobolds
  4 quokkas
  5 frilled lizards
  25 rats
214 creatures vanquished.

Vanquished Creatures (collateral kills)
  An orc knight (Bailey)
  6 orc warriors (Bailey)
  2 black bears (D:6)
  An ogre (D:6)
  A centaur (D:6)
  2 scorpions (D:6)
  Terence (D:3)
  A shadow imp (D:6)
  An ufetubus (D:6)
  7 orcs
23 creatures vanquished.

Vanquished Creatures (others)
  2 plants (D:1)
2 creatures vanquished.

Grand Total: 239 creatures vanquished

Notes
Turn   | Place    | Note
-------+----------+-------------------------------------------
     0 | D:1      | Zeldest the Hill Orc Monk began the quest for the Orb.
     0 | D:1      | Reached XP level 1. HP: 19/19 MP: 1/1
    18 | D:1      | Reached XP level 2. HP: 14/27 MP: 2/2
   444 | D:1      | Found a faded altar of an unknown god.
   454 | D:1      | Prayed at the altar of an unknown god.
   454 | D:1      | Became a worshipper of Makhleb the Destroyer
   454 | D:1      | Reached * piety under Makhleb
   454 | D:1      | Reached ** piety under Makhleb
   563 | D:1      | Reached skill level 5 in Axes
   590 | D:1      | Reached XP level 3. HP: 33/33 MP: 3/3
   675 | D:1      | Reached *** piety under Makhleb
   862 | D:2      | Reached skill level 1 in Invocations
   968 | D:2      | Noticed Natasha
   968 | D:2      | Noticed Robin
   988 | D:2      | Killed Robin
   989 | D:2      | Reached XP level 4. HP: 29/40 MP: 5/5
   991 | D:2      | Killed Natasha
   992 | D:2      | Reached skill level 6 in Axes
  1096 | D:2      | Noticed a phantom
  1114 | D:2      | Killed a phantom
  1115 | D:2      | Reached XP level 5. HP: 41/46 MP: 5/7
  1124 | D:2      | Found Nih Til's General Store.
  1268 | D:2      | Reached skill level 7 in Axes
  1268 | D:2      | Noticed Natasha
  1274 | D:2      | Killed Natasha
  1279 | D:2      | Reached **** piety under Makhleb
  1294 | D:2      | Noticed Natasha
  1298 | D:2      | Killed Natasha
  1299 | D:2      | Reached XP level 6. HP: 52/52 MP: 8/8
  1783 | D:3      | Reached skill level 8 in Axes
  1847 | D:3      | Noticed Sigmund
  1857 | D:3      | Killed Sigmund
  1858 | D:3      | Reached skill level 9 in Axes
  1858 | D:3      | Reached skill level 5 in Invocations
  1858 | D:3      | Reached XP level 7. HP: 59/59 MP: 10/10
  1932 | D:3      | Noticed Terence
  1944 | D:3      | Killed Terence
  2048 | D:3      | You fall into a shaft and drop 3 floors!
  2079 | D:6      | Reached skill level 10 in Axes
  2084 | D:6      | Reached XP level 8. HP: 45/66 MP: 10/12
  2094 | D:6      | Reached skill level 11 in Axes
  2199 | D:5      | Entered Level 5 of the Dungeon
  2268 | D:5      | Noticed Edmund
  2283 | D:5      | Killed Edmund
  2330 | D:5      | Reached skill level 12 in Axes
  2430 | D:5      | Found a snail-covered altar of Cheibriados.
  2672 | D:5      | Reached XP level 9. HP: 49/71 MP: 13/15
  2988 | D:4      | Found a staircase to the Ecumenical Temple.
  3064 | D:4      | Found a glowing drain.
  3072 | Sewer    | Entered a sewer
  3156 | Sewer    | Reached ***** piety under Makhleb
  3211 | Sewer    | Reached skill level 13 in Axes
  4615 | D:6      | Identified the +3 ring mail of the Equator {Harm rC- Str+6}
  4830 | D:7      | Noticed Joseph
  4841 | D:7      | Killed Joseph
  4842 | D:7      | Reached skill level 14 in Axes
  5443 | D:7      | Reached skill level 10 in Invocations
  5448 | D:7      | Reached XP level 10. HP: 67/78 MP: 17/17
  5839 | D:8      | Reached skill level 15 in Axes
  5901 | D:8      | Noticed Grum
  5920 | D:8      | Killed Grum
  5983 | D:8      | Found a glowing silver altar of Zin.
  6136 | D:8      | Found Ischealuk's Antique Armour Shop.
  6235 | D:8      | Found a flagged portal.
  6262 | Bailey   | Entered a bailey
  6316 | Bailey   | Reached skill level 16 in Axes
  6346 | Bailey   | Reached skill level 19 in Axes
  6346 | Bailey   | Reached XP level 11. HP: 84/84 MP: 19/19
  6376 | Bailey   | Reached skill level 1 in Armour
  6376 | Bailey   | Reached skill level 1 in Shields
  6442 | Bailey   | Noticed an orc knight
  6452 | Bailey   | Killed an orc knight
  6510 | D:8      | Paralysed by a hornet for 3 turns
  6517 | D:8      | Paralysed by a hornet for 2 turns
  6520 | D:8      | HP: 1/85 [poisoned by a hornet]
  6520 | D:8      | Slain by a hornet

Illustrated notes

Levels and vault maps discovered:
D:1:      scummos_arrival_forest, layout_rooms,
          dreamdust_ecumenical_altar_statues, minmay_misc_feat_rugged,
          nicolae_grassy_gnolls
D:2:      layout_loops_ring, serial_shops, nicolae_shop_behind_doors,
          uniq_robin, uniq_natasha
D:3:      layout_rooms, minmay_misc_feat_x, chequers_garden, uniq_sigmund,
          uniq_terence
D:4:      layout_gridville, minmay_temple_entry_waves, lightli_sewer_entry_pipes
D:5:      layout_basic, kennysheep_mini, uniq_edmund
D:6:      layout_rooms, kennysheep_nub, kennysheep_minor_cross,
          hangedman_decor_growths
D:7:      layout_layer_cave, minivault_26, uniq_joseph
D:8:      layout_basic, zin_statuary, enter_bailey_4, serial_shops, shop,
          dreamdust_gnoll_shepherd, uniq_psyche, uniq_grum

Skill      XL: |  1  2  3  4  5  6  7  8  9 10 11 |
---------------+----------------------------------+-----
Fighting       | 4 |  4.8
Axes           | 5 6 7 9 10 12 14 19 | 19.8
Invocations    | 1 3 5 6 8 10 11 | 11.3
Armour         | 2 |  2.0
Shields        | 2 |  2.0
Dodging        | |  2.4
Stealth        | |  1.5

Action                   |  1- 3 |  4- 6 |  7- 9 | 10-12 || total
-------------------------+-------+-------+-------+-------++-------
Melee: Hand axe          |   119 |    77 |   161 |       ||   357
       Punch             |       |     1 |     3 |       ||     4
       War axe           |       |       |       |    45 ||    45
Invok: Minor Destruction |     4 |    34 |   160 |    62 ||   260
       Lesser Servant of |       |     1 |     2 |     3 ||     6
       Major Destruction |       |     1 |       |     1 ||     2
       Greater Servant o |       |       |       |     2 ||     2
Evoke: Wand              |       |       |       |     2 ||     2
  Use: Potion            |       |     1 |       |     2 ||     3
       Scroll            |       |       |     4 |       ||     4
 Stab: Sleeping          |     1 |       |       |       ||     1
       Distracted        |       |       |     1 |       ||     1
Armor: Robe              |    10 |       |       |       ||    10
       Scale mail        |    35 |    34 |   110 |    32 ||   211
Dodge: Dodged            |    83 |    44 |   135 |    53 ||   315
Block: Buckler           |       |       |    10 |    14 ||    24
